 Dungeon Crawl Stone Soup version 0.21-a0-260-g9b2435e (webtiles) character file.

1132 JackS81 the Basher (level 8, -2/64 HPs)
             Began as a Hill Orc Fighter on Sept 7, 2017.
             Was an Initiate of Okawaru.
             Slain by a killer bee (5 damage)
             ... on level 6 of the Dungeon.
             The game lasted 00:19:55 (4933 turns).

JackS81 the Basher (Hill Orc Fighter)               Turns: 4933, Time: 00:19:55

Health: -2/64      AC: 11    Str: 21    XL:     8   Next: 36%
Magic:  8/8        EV:  7    Int: 13    God:    Okawaru [......]
Gold:   156        SH: 10    Dex: 10    Spells: 7/7 levels left

rFire    . . .     SeeInvis .   a - +0 flail
rCold    . . .     Gourm    .   c - +0 shield
rNeg     . . .     Faith    .   b - +0 scale mail
rPois    .         Spirit   .   (no helmet)
rElec    .         Reflect  .   (no cloak)
rCorr    .         Harm     .   (no gloves)
MR       .....                  (no boots)
Stlth    ..........             (no amulet)
HPRegen  0.20/turn              j - +4 ring of protection
MPRegen  0.11/turn              (no ring)

@: brilliant, lethally poisoned (-2 -> -25)
A: no striking features
a: Renounce Religion


You were on level 6 of the Dungeon.
You worshipped Okawaru.
Okawaru was noncommittal.
You were not hungry.

You visited 2 branches of the dungeon, and saw 7 of its levels.

You collected 156 gold pieces.

Inventory:

Hand Weapons
 a - a +0 flail (weapon)
 G - a +0 shortbow
Missiles
 e - 14 sling bullets
 l - 195 stones
 n - 127 arrows
 z - 3 javelins of returning (quivered)
 F - 34 bolts
Armour
 b - a +0 scale mail (worn)
 c - a +0 shield (worn)
 o - a +0 chain mail
Jewellery
 j - a +4 ring of protection (left hand)
Wands
 D - a wand of polymorph (7/24)
Scrolls
 h - 7 scrolls of identify {unknown}
 m - 7 scrolls of remove curse {unknown}
 t - 2 scrolls of enchant weapon {unknown}
 u - a scroll of random uselessness {unknown}
 w - a scroll of enchant armour {unknown}
 y - 5 scrolls of teleportation {unknown}
 A - 3 scrolls of noise {unknown}
 E - a scroll of fog {unknown}
 H - a scroll of immolation {unknown}
Potions
 d - a potion of might
 i - a potion of haste {unknown}
 p - a potion of invisibility {unknown}
 r - a potion of berserk rage {unknown}
 v - a potion of heal wounds {unknown}
 x - a potion of flight {unknown}
 B - a potion of brilliance
 I - a potion of resistance {unknown}
 K - a potion of agility {unknown}
Books
 C - a book of Maledictions

   Spells                             Type                      Level
   a - Corona                         Hexes                        1
   b - Ensorcelled Hibernation        Hexes/Ice                    2
   c - Confuse                        Hexes                        3
   d - Tukima's Dance                 Hexes                        3
   e - Dazzling Spray                 Conjuration/Hexes            3
Comestibles
 f - 5 bread rations
 g - 2 royal jellies
 k - 7 fruits
 q - 3 meat rations
 J - 4 chunks of flesh


   Skills:
 - Level 3.6 Fighting
 * Level 9.2 Maces & Flails
 * Level 4.9 Armour
 * Level 5.3 Shields


You had 7 spell levels left.
You didn't know any spells.

Dungeon Overview and Level Annotations

Branches:
Dungeon (6/15)             Temple (1/1) D:5

Altars:
Dithmenos
Fedhas
Gozag
Hepliaklqana
Kikubaaqudgha
Makhleb
Nemelex Xobeh
Okawaru
Qazlal
Ru
Sif Muna
Trog
Uskayaw
Vehumet
Wu Jian
Yredelemnul
Zin
The Shining One

Annotations:
D:4 exclusion: oklob plant


Message History

The killer bee stings you.
* * * LOW HITPOINT WARNING * * *
You are more poisoned.
The killer bee poisons you! The killer bee stings you!
* * * LOW HITPOINT WARNING * * *
You are more poisoned.
The killer bee poisons you! The killer bee barely misses you.
You block the killer bee's attack.
It was a potion of brilliance.
You feel clever all of a sudden.
* * * LOW HITPOINT WARNING * * *
You feel sick.
The killer bee stings you but does no damage.
The killer bee stings you.
* * * LOW HITPOINT WARNING * * *
You are more poisoned.
The killer bee poisons you! You block the killer bee's attack.
The killer bee stings you but does no damage.
The killer bee barely misses you. The killer bee stings you.
You die...

#.......#..##..#............
#.......#..#...+............
#.......#..#...#............
#.......#####..#............
######.....##'##....####....
#...#.....#...+....#..#....
#...'.....#...#....'..#....
#####....y#...#....#..+....
#....y@...#....####....
#....y#####............
#......................
######..................####
#.......................#
#...............####....+
#...............# #....#
#...............# #......
#.....#####.....# #####...


You could see 3 killer bees.

Vanquished Creatures
  An ice beast (D:5)
  The ghost of loom the Conjurer, an amateur DrCj (D:3)
  A centaur (D:6)
  3 scorpions
  A killer bee (D:6)
  A crimson imp (D:5)
  2 orc wizards
  6 hounds
  A bullfrog skeleton (D:5)
  2 orc priests (D:5)
  7 worker ants
  A hound skeleton (D:6)
  A worker ant zombie (D:5)
  A howler monkey skeleton (D:4)
  5 adders
  A shadow imp (D:5)
  An ooze (D:3)
  An adder skeleton (D:4)
  2 worms
  4 leopard geckos
  7 orcs
  2 ball pythons
  4 giant cockroaches
  A goblin (D:1)
  11 hobgoblins
  5 jackals
  4 quokkas
  7 bats
  3 frilled lizards
  8 kobolds
  A leopard gecko skeleton (D:4)
  A quokka skeleton (D:4)
  9 rats
106 creatures vanquished.

Notes
Turn   | Place    | Note
-------+----------+-------------------------------------------
     0 | D:1      | JackS81 the Hill Orc Fighter began the quest for the Orb.
     0 | D:1      | Reached XP level 1. HP: 19/19 MP: 1/1
     2 | D:1      | Noticed a halfling
     2 | D:1      | Noticed a spriggan
     4 | D:1      | Noticed a dwarf
     4 | D:1      | Noticed a vine stalker
     6 | D:1      | Noticed a felid
     6 | D:1      | Noticed a gargoyle
     8 | D:1      | Noticed a merfolk
     8 | D:1      | Noticed a demigod
    10 | D:1      | Noticed a formicid
    10 | D:1      | Noticed a tengu
    12 | D:1      | Noticed a troll
    12 | D:1      | Noticed a centaur
    14 | D:1      | Noticed an ogre
    16 | D:1      | Noticed an elf
    16 | D:1      | Noticed a draconian
    18 | D:1      | Noticed a vampire
    20 | D:1      | Noticed an octopode
    22 | D:1      | Noticed a demonspawn
    24 | D:1      | Noticed a ghoul
    24 | D:1      | Noticed a minotaur
    26 | D:1      | Noticed a naga
    26 | D:1      | Noticed a human
   220 | D:1      | Reached skill level 3 in Maces & Flails
   220 | D:1      | Reached XP level 2. HP: 23/26 MP: 2/2
   835 | D:2      | Reached skill level 4 in Maces & Flails
   835 | D:2      | Reached XP level 3. HP: 27/31 MP: 3/3
   965 | D:2      | Noticed a scorpion
   978 | D:2      | Killed a scorpion
   978 | D:2      | Reached skill level 5 in Maces & Flails
   978 | D:2      | Reached XP level 4. HP: 28/39 MP: 4/4
  1220 | D:2      | Found a radiant altar of Vehumet.
  1679 | D:3      | Noticed loom's ghost (amateur DrCj)
  1693 | D:3      | Killed loom's ghost
  1693 | D:3      | Reached skill level 6 in Maces & Flails
  1693 | D:3      | Reached XP level 5. HP: 25/45 MP: 5/5
  2102 | D:3      | Reached XP level 6. HP: 51/51 MP: 6/6
  2351 | D:3      | Found a sparkling altar of Nemelex Xobeh.
  2357 | D:3      | Found a hazy altar of Hepliaklqana.
  2438 | D:4      | Reached skill level 7 in Maces & Flails
  2777 | D:4      | Reached XP level 7. HP: 57/57 MP: 7/7
  2807 | D:4      | Found a blossoming altar of Fedhas.
  2826 | D:4      | Noticed an oklob plant
  2916 | D:4      | You fall through a shaft!
  2916 | D:5      | Entered Level 5 of the Dungeon
  2996 | D:4      | Reached skill level 8 in Maces & Flails
  4071 | D:5      | Reached XP level 8. HP: 64/64 MP: 8/8
  4102 | D:5      | Found a staircase to the Ecumenical Temple.
  4119 | Temple   | Entered the Ecumenical Temple
  4326 | Temple   | Became a worshipper of Warmaster Okawaru
  4472 | D:5      | Reached skill level 5 in Shields
  4620 | D:5      | Reached skill level 9 in Maces & Flails
  4933 | D:6      | HP: 3/64 [killer bee (5)]
  4933 | D:6      | Slain by a killer bee

Vault maps used:
D:1:      kb_arrival_jail
D:2:      nicolae_overflow_hidden_temple
D:3:      amethyst_overflow_temple_binary
D:4:      tgw_fedhas, nicolae_underground_beach
D:5:      mumra_celtic_spiral_tile, minmay_temple_entry_junction, first_bread
D:6:      uniq_grinder
Temple:   eino_temple_water

Skill      XL: |  1  2  3  4  5  6  7  8 |
---------------+-------------------------+-----
Maces & Flails | 3 4 5 6 7 8 9 |  9.2
Shields        | 4 5 |  5.3
Armour         | 4 |  4.9
Fighting       | |  3.6

Action                   |  1- 3 |  4- 6 |  7- 9 || total
-------------------------+-------+-------+-------++-------
Melee: Flail             |    74 |   146 |   223 ||   443
Throw: Javelin           |     2 |    18 |     7 ||    27
       Stone             |       |       |     3 ||     3
  Use: Potion            |       |       |     3 ||     3
  Eat: Chunk             |       |     6 |     7 ||    13
       Fruit             |       |       |     1 ||     1
Armor: Scale mail        |    14 |    70 |    95 ||   179
Dodge: Dodged            |    25 |    43 |    60 ||   128
Block: Shield            |    35 |    80 |   104 ||   219

Table legend:
 A = Spawn XP
 B = Non-spawn XP
 C = Spawn XP percentage of total XP
 D = Spawn monster count
 E = Non-spawn monster count
 F = Spawn count percentage of total count
 G = Total turns spent on level
                    A         B        C        D         E        F      G
               +---------+---------+-------+---------+---------+-------+---------
         Total |       0 |    1618 |   0.0 |       0 |     106 |   0.0 |  4933
               +---------+---------+-------+---------+---------+-------+---------
           D:1 |       0 |      26 |   0.0 |       0 |      18 |   0.0 |   785
           D:2 |       0 |     127 |   0.0 |       0 |      12 |   0.0 |   694
           D:3 |       0 |     179 |   0.0 |       0 |      23 |   0.0 |   915
           D:4 |       0 |     399 |   0.0 |       0 |      23 |   0.0 |   820
           D:5 |       0 |     685 |   0.0 |       0 |      22 |   0.0 |  1234
           D:6 |       0 |     202 |   0.0 |       0 |       8 |   0.0 |   258
               +---------+---------+-------+---------+---------+-------+---------
